 Dungeon Crawl Stone Soup version bcrawl-1.37.2 (webtiles) character file.

Game seed: 5093457121777308824

339258 Mehrunes the Schismatic (level 12, 85/95 HPs)
             Began as a Demonspawn Abyssal Knight on Nov 3, 2022.
             Was an Elder of Lugonu.
             Quit the game on level 2 of the Lair of Beasts on Nov 4, 2022.
             The game lasted 00:30:03 (13671 turns).

Mehrunes the Schismatic (DsAK)                     Turns: 13671, Time: 00:30:04

Health: 85/95      AC: 22    Str: 17    XL:     12   Next: 0%
Magic:  20/20      EV: 11    Int: 12    God:    Lugonu [****..]
Gold:   510        SH:  8    Dex: 15    Spells: 11/11 levels left

rFire    . . .     GDR:     31% N - +2 morningstar (protect)
rCold    . . .     SeeInvis .   M - +1 buckler {AC+3}
rNeg     . . .     Gourm    .   I - +0 chain mail
rPois    +         Faith    .   (helmet restricted)
rElec    .         Spirit   +   x - +0 cloak
rCorr    .         Reflect  .   n - +0 pair of gloves
MR       .....                  (boots unavailable)
Stlth    ..........             (no amulet)
HPRegen  0.25/turn              P - ring of poison resistance
MPRegen  0.34/turn              X - +4 ring of evasion

@: protection aura
A: antennae 1, claws 2, talons 3, magic shield, magic regeneration, rot immunity
a: Depart the Abyss, Bend Space, Banish, Corrupt, Renounce Religion


You were on level 2 of the Lair of Beasts.
You worshipped Lugonu.
Lugonu was greatly pleased with you.
You were not hungry.

You visited 2 branches of the dungeon, and saw 12 of its levels.
You visited the Abyss 1 time.

You collected 685 gold pieces.
You spent 175 gold pieces at shops.

Inventory:

Hand Weapons
 N - a +2 morningstar of protection (weapon)
Missiles
 c - 10 tomahawks of dispersal {=f}
 d - 1892 stones
 s - 125 poisoned tomahawks
 H - 340 steel javelins (quivered)
Armour
 b - a +0 ring mail
 n - a +0 pair of gloves (worn)
 x - a +0 cloak (worn)
 I - a +0 chain mail (worn)
 M - a +1 buckler of protection (worn)
 V - a +3 plate armour
Jewellery
 q - a +3 ring of evasion
 u - an uncursed ring of protection from fire
 P - a ring of poison resistance (left hand)
 W - an uncursed ring of stealth
 X - a +4 ring of evasion (right hand)
 Y - an uncursed ring of magical power
Wands
 w - a wand of digging (8)
 C - a wand of polymorph (2)
 G - a wand of charming (8)
 Q - a wand of iceblast (5)
 S - a wand of acid (3)
Scrolls
 a - a scroll of silence {unknown}
 f - 3 scrolls of remove curse
 g - 3 scrolls of fear
 j - 2 scrolls of enchant weapon {unknown}
 k - 2 scrolls of fog {unknown}
 l - 5 scrolls of enchant armour {unknown}
 p - 3 scrolls of amnesia
 t - 4 scrolls of immolation {unknown}
 v - a scroll of noise {unknown}
 y - 2 scrolls of blinking {unknown}
 A - 9 scrolls of teleportation
 E - a scroll of brand weapon {unknown}
 L - 2 scrolls of magic mapping {unknown}
Potions
 h - 4 potions of curing
 m - 3 potions of haste
 o - a potion of agility {unknown}
 r - 3 potions of cancellation {unknown}
 z - 2 potions of lignification {unknown}
 B - a potion of mutation {unknown}
 D - 2 potions of might
 F - 2 potions of brilliance {unknown}
 J - 2 potions of heal wounds {unknown}
 O - a potion of resistance {unknown}
 R - a potion of magic {unknown}
 T - a potion of ambrosia {unknown}
 U - a potion of flight {unknown}
Miscellaneous
 K - a lightning rod (3/4)
Comestibles
 e - 24 rations {!d}
 i - 5 chunks of flesh


   Skills:
 + Level 9.3 Fighting
 + Level 9.7 Maces & Flails
 + Level 5.6 Throwing
 + Level 5.2 Armour
 + Level 2.4 Dodging
 * Level 6.8 Shields
 + Level 11.4 Invocations


You had 11 spell levels left.
You didn't know any spells.
Your spell library contained the following spells:

 Spells                   Type           Power        Failure   Level  Hunger
 Fulminant Prism          Conj/Hex       #.........   100%        4    ######.
 Conjure Ball Lightning   Conj/Air       #.........   100%        6    #######
 Orb of Destruction       Conj           #.........   100%        7    #######
 Spellforged Servitor     Conj/Summ      #.........   100%        7    #######


Dungeon Overview and Level Annotations

Branches:
Dungeon (10/12)            Temple (0/1) D:5            Lair (2/6) D:9
    Orc (0/1) D:8
  Swamp: Lair:2-4    Shoals: Lair:2-4     Snake: Lair:2-4    Spider: Lair:2-4

Altars:
Ashenzari
Fedhas
Trog
Wu Jian
Xom

Shops:
D:6 (

Annotations:
D:3 2 transporters
D:4 3 runed translucent doors, exe1's ghost, amateur MiAc
D:5 3 runed translucent doors, yrara's ghost, novice DsFi
D:6 exclusions: sensed monster (detected), 2 yaks and 7 more exclusions
D:8 1 exclusion
D:9 1 exclusion


Innate Abilities, Weirdness & Mutations

You have a pair of small antennae on your head.
You have very sharp fingernails.
You have claws for feet.
When hurt, damage is shared between your health and your magic reserves.
You regenerate magic rapidly.
You are immune to rotting.


Message History

Increase (S)trength, (I)ntelligence, or (D)exterity?
You feel stronger.
You feel clever.
Your demonic ancestry asserts itself...
Your fingernails sharpen.
You barely miss the porcupine. You claw the porcupine!
The porcupine is severely wounded.
The porcupine barely misses you.
You closely miss the porcupine.
The porcupine is severely wounded.
The porcupine misses you. The porcupine bites you.
You closely miss the porcupine.
The porcupine is severely wounded.
You block the porcupine's attack.
You sock the porcupine!
Your weapon exudes an aura of protection.
You kill the porcupine!
Lugonu accepts your kill.
You see here a porcupine corpse.
There are no objects that can be picked up here. a porcupine corpse Are you sure you want to abandon this character and quit the game? (Confirm with "yes".)

## # ###. ##. ### #...
###..###P.# #... .#......... #...
..........###### ##### #...
..........+.P#.####...########...
##........#.....@................
#...........#..###.#.######.##.[.
#........###### ##### ###.###
#........# ####. ##...#.### ##.
#.#.r†..##.# #.. #..)......# ##.
#..........# #####+ #.#.........#
#.....


There were no monsters in sight!

Vanquished Creatures
  A hydra (Lair:2)
  An elephant (D:9)
  4 cane toads
  3 komodo dragons
  A rime drake (Lair:1)
  A yaktaur (D:9)
  A troll (D:9)
  A meliai zombie (D:8)
  4 hippogriffs
  3 hogs (D:7)
  24 yaks
  A human (D:7)
  A basilisk (D:9)
  An acid dragon (D:9)
  A water moccasin (D:9)
  2 crocodiles (Lair:1)
  3 porcupines
  3 orc warriors
  A swamp drake (D:8)
  A sky beast (D:5)
  4 ogres
  2 black bears (D:7)
  11 wolves
  3 ice beasts
  A phantom (D:9)
  7 bullfrogs
  A kobold brigand (D:6)
  A gnoll sergeant (D:8)
  4 centaurs
  A wyvern skeleton (D:7)
  A scorpion (D:6)
  A killer bee (Lair:1)
  9 howler monkeys
  3 orc priests
  A crimson imp (D:7)
  3 bullfrog zombies
  2 hounds (D:9)
  A quasit (D:7)
  6 jellies
  11 orc wizards
  6 iguanas
  Ijyb (D:5)
  7 worker ants
  A killer bee zombie (D:7)
  A hound skeleton (D:7)
  A howler monkey zombie (D:6)
  A worker ant zombie (D:9)
  A howler monkey skeleton (D:8)
  7 gnolls
  8 adders
  2 shadow imps
  3 adder skeletons
  A worm (D:3)
  3 dart slugs
  2 leopard geckos
  51 orcs
  5 bats
  2 giant cockroaches
  9 goblins
  9 hobgoblins
  8 jackals
  6 quokkas
  A ball python (D:1)
  4 frilled lizards
  8 kobolds
  A quokka skeleton (D:4)
  A quokka zombie (D:5)
  10 rats
291 creatures vanquished.

Vanquished Creatures (others)
  A hydra (Lair:1)
  A cane toad (Lair:1)
  A troll (D:8)
  A basilisk (D:9)
  An orc warrior (D:8)
  3 fungi (Lair:2)
8 creatures vanquished.

Grand Total: 299 creatures vanquished

Notes
Turn   | Place    | Note
-------+----------+-------------------------------------------
     0 | Abyss:1  | Mehrunes the Demonspawn Abyssal Knight began the quest for
                  | the Orb.
     0 | Abyss:1  | Reached XP level 1. HP: 18/18 MP: 2/2
    61 | Abyss:1  | Noticed a starcursed mass
    62 | D:1      | Escaped the Abyss
   177 | D:1      | Reached * piety under Lugonu
   185 | D:1      | Reached skill level 3 in Invocations
   244 | D:1      | Gained mutation: You have sharp toenails. [demonic
                  | ancestry]
   244 | D:1      | Reached XP level 2. HP: 21/24 MP: 4/4
   893 | D:2      | Reached XP level 3. HP: 29/29 MP: 5/5
  1600 | D:2      | Gained mutation: You have a pair of small antennae on your
                  | head. [demonic ancestry]
  1600 | D:2      | Reached XP level 4. HP: 21/37 MP: 6/6
  1762 | D:3      | Reached ** piety under Lugonu
  1763 | D:3      | Reached skill level 4 in Invocations
  2113 | D:3      | Found a transporter.
  2145 | D:3      | Found a transporter.
  2218 | D:3      | Gained mutation: You have razor-sharp toenails. [demonic
                  | ancestry]
  2218 | D:3      | Reached XP level 5. HP: 35/42 MP: 8/8
  2599 | D:4      | Reached *** piety under Lugonu
  2624 | D:4      | Found a runed translucent gate.
  2625 | D:4      | Found a runed translucent gate.
  2626 | D:4      | Found a runed translucent gate.
  2626 | D:4      | Noticed exe1's ghost (amateur MiAc)
  2627 | D:4      | Noticed a troll
  2752 | D:4      | Reached skill level 5 in Invocations
  2962 | D:4      | Gained mutation: You have sharp fingernails. [demonic
                  | ancestry]
  2962 | D:4      | Reached XP level 6. HP: 44/49 MP: 8/10
  3427 | D:5      | Entered Level 5 of the Dungeon
  3542 | D:5      | Noticed Ijyb
  3742 | D:5      | Found a shattered altar of Ashenzari.
  3761 | D:5      | Reached skill level 5 in Fighting
  3788 | D:5      | Found a shimmering altar of Xom.
  3818 | D:5      | Reached skill level 6 in Invocations
  3986 | D:5      | Found a blossoming altar of Fedhas.
  4018 | D:5      | Killed Ijyb
  4044 | D:5      | Noticed a sky beast
  4054 | D:5      | Killed a sky beast
  4055 | D:5      | Gained mutation: You have claws for feet. [demonic
                  | ancestry]
  4055 | D:5      | Reached XP level 7. HP: 43/56 MP: 11/11
  4110 | D:5      | Found a staircase to the Ecumenical Temple.
  4141 | D:5      | Found a runed translucent gate.
  4141 | D:5      | Found a runed translucent gate.
  4148 | D:5      | Found a runed translucent gate.
  4148 | D:5      | Noticed yrara's ghost (novice DsFi)
  4181 | D:5      | Found an ornate altar of the Wu Jian Council.
  4353 | D:5      | Found a glowing silver altar of Zin.
  4596 | D:6      | Reached skill level 7 in Invocations
  4694 | D:6      | Reached skill level 5 in Maces & Flails
  4862 | D:6      | Found Rokh's Antique Weapon Shoppe.
  4899 | D:6      | Gained mutation: When hurt, damage is shared between your
                  | health and your magic reserves. [demonic ancestry]
  4899 | D:6      | Reached XP level 8. HP: 63/64 MP: 13/13
  4995 | D:6      | Reached skill level 8 in Invocations
  5047 | D:6      | Reached **** piety under Lugonu
  5115 | D:6      | Received a gift from Lugonu
  5148 | D:6      | Reached skill level 1 in Throwing
  5270 | D:6      | Reached skill level 9 in Invocations
  5270 | D:6      | Gained mutation: You regenerate magic rapidly. [demonic
                  | ancestry]
  5270 | D:6      | Reached XP level 9. HP: 22/72 MP: 7/15
  5877 | D:7      | Found a bloodstained altar of Trog.
  6001 | D:7      | Received a gift from Lugonu
  6211 | D:7      | Got a shimmering falchion
  6489 | D:7      | Reached skill level 1 in Shields
  7017 | D:7      | Reached XP level 10. HP: 80/80 MP: 17/17
  7294 | D:8      | Reached skill level 10 in Invocations
  7743 | D:7      | Found a bloodstained altar of Trog.
  8882 | D:8      | Found a staircase to the Orcish Mines.
  9563 | D:9      | Found a staircase to the Lair.
  9563 | D:9      | Noticed an elephant
 10103 | D:9      | Reached skill level 5 in Shields
 10408 | D:6      | Bought a glowing morningstar for 175 gold pieces
 10484 | D:8      | Gained mutation: You are immune to rotting. [demonic
                  | ancestry]
 10484 | D:8      | Reached XP level 11. HP: 64/87 MP: 18/18
 11278 | D:10     | Entered Level 10 of the Dungeon
 11278 | D:10     | Noticed a cyclops
 11322 | Lair:1   | Entered Level 1 of the Lair of Beasts
 11342 | Lair:1   | Noticed a five-headed hydra
 11628 | D:9      | Reached skill level 5 in Throwing
 11722 | Lair:1   | Banished a five-headed hydra
 11892 | Lair:1   | Reached skill level 1 in Dodging
 11892 | Lair:1   | Reached skill level 11 in Invocations
 12476 | Lair:1   | Reached skill level 5 in Armour
 13641 | Lair:2   | Noticed a four-headed hydra
 13651 | Lair:2   | Killed a four-headed hydra
 13663 | Lair:2   | Gained mutation: You have very sharp fingernails. [demonic
                  | ancestry]
 13663 | Lair:2   | Reached XP level 12. HP: 84/95 MP: 18/20
 13671 | Lair:2   | Quit the game

Skill      XL: |  1  2  3  4  5  6  7  8  9 10 11 |
---------------+----------------------------------+-----
Maces & Flails | 2 3 4 5 6 7 8 9 |  9.7
Invocations    | 3 4 5 6 7 9 10 11 | 11.4
Fighting       | 4 5 6 7 8 9 |  9.3
Throwing       | 2 3 4 5 |  5.6
Armour         | 3 4 5 |  5.2
Shields        | 2 5 6 |  6.8
Dodging        | 2 |  2.4

Action                   |  1- 3 |  4- 6 |  7- 9 | 10-12 || total
-------------------------+-------+-------+-------+-------++-------
Melee: Flail             |    99 |   191 |   211 |   243 ||   744
       Kick              |    15 |    47 |    79 |   173 ||   314
       Unarmed           |       |     8 |       |       ||     8
       Morningstar       |       |       |       |   281 ||   281
Throw: Javelin           |       |       |     7 |     8 ||    15
Invok: Depart the Abyss  |     1 |       |       |       ||     1
       Banish            |       |       |       |     7 ||     7
       Bend Space        |       |       |       |    11 ||    11
Evoke: Wand              |       |       |       |     3 ||     3
       Lightning rod     |       |       |       |     1 ||     1
  Use: Potion            |       |     1 |       |     3 ||     4
       Scroll            |       |       |       |     5 ||     5
 Stab: Confused          |       |     1 |       |       ||     1
  Eat: Chunk             |     5 |    14 |    13 |    38 ||    70
       Ration            |       |       |     1 |       ||     1
Armor: Ring mail         |    33 |    51 |    28 |       ||   112
       Skin              |       |     5 |       |       ||     5
       Chain mail        |       |       |    64 |   284 ||   348
Dodge: Dodged            |    53 |   141 |   114 |   249 ||   557
Block: Buckler           |       |       |    21 |   211 ||   232
